 Dungeon Crawl Stone Soup version 0.26.0-10-g1f06aea511 (webtiles) character file.

Game seed: 14682667092407994700

169 tsouns the Sneak (level 5, 0/29 HPs)
             Began as a Vine Stalker Brigand on Jan 14, 2021.
             Slain by Natasha (7 damage)
             ... on level 3 of the Dungeon.
             The game lasted 00:04:16 (2240 turns).

tsouns the Sneak (Vine Stalker Brigand)             Turns: 2240, Time: 00:04:17

Health: 0/29       AC:  3    Str: 14    XL:     5   Next: 50%
Magic:  0/6        EV: 11    Int: 12    God:
Gold:   238        SH:  0    Dex: 15    Spells: 4/4 levels left

rFire    . . .     SeeInvis .   h - +1 short sword (speed)
rCold    . . .     Faith    .   (no shield)
rNeg     . . .     Spirit   +   b - +0 robe
rPois    .         Reflect  .   (no helmet)
rElec    .         Harm     .   k - +0 cloak
rCorr    .         Rampage  .   (no gloves)
Will     .....                  (no boots)
Stlth    +++.......             (no amulet)
HPRegen  0.49/turn              g - ring of wizardry
MPRegen  0.10/turn              (no ring)

@: no status effects
A: fangs 2, regeneration 1, magic shield, antimagic bite, no potion heal 3
a: no special abilities


You were on level 3 of the Dungeon.
You visited 1 branch of the dungeon, and saw 3 of its levels.

You collected 238 gold pieces.

Inventory:

Hand Weapons
 a - a +2 dagger
 h - a +1 short sword of speed (weapon)
Missiles
 d - 15 poisoned darts (quivered)
 e - 2 curare-tipped darts
Armour
 b - a +0 robe (worn)
 c - a +0 cloak
 k - a +0 cloak (worn)
Jewellery
 g - a ring of wizardry (left hand)
 l - an uncursed amulet of the acrobat {unknown}
 u - an uncursed amulet of reflection {unknown}
Wands
 p - a wand of paralysis (8)
Scrolls
 f - 3 scrolls of identify {unknown}
 i - a scroll of magic mapping {unknown}
 j - 4 scrolls of amnesia {unknown}
 m - a scroll of random uselessness {unknown}
 t - a scroll of noise {unknown}
Potions
 n - a potion of haste {unknown}
 o - a potion of cancellation
 q - a potion of degeneration {unknown}
 r - a potion of lignification
 s - a potion of heal wounds


   Skills:
 + Level 3.7 Fighting
 - Level 1.7 Short Blades
 - Level 1.7 Throwing
 - Level 0.7 Dodging
 - Level 4.8 Stealth
 + Level 3.4 Unarmed Combat


You had 4 spell levels left.
You didn't know any spells.
Your spell library was empty.

Dungeon Overview and Level Annotations

Branches:
Dungeon (3/15)

Altars:
Fedhas
Hepliaklqana

Annotations:
D:3 Natasha


Innate Abilities, Weirdness & Mutations

You have extremely sharp teeth.
Your natural rate of healing is unusually fast.
When hurt, damage is shared between your health and your magic reserves.
Your bite disrupts and absorbs the magic of your enemies.
Potions cannot restore your health.


Message History

Natasha is heavily wounded.
You hit Natasha but do no damage. You bite Natasha, but do no damage.
Natasha is heavily wounded.
Natasha wildly gestures.
Natasha shimmers violently.
Natasha casts a spell at you. The magic dart hits you.
You are too injured to fight recklessly!
You are too injured to fight recklessly!
You hit Natasha.
Natasha is severely wounded.
Natasha claws you!
* * * LOW HITPOINT WARNING * * *
You hit Natasha but do no damage.
Natasha is severely wounded.
The goblin hits you with a +0 club.
You barely miss Natasha.
Natasha is severely wounded.
Natasha claws you!
You die...

#.# #........(..#.##.#.......# #.
#(# ##.#.#<..#.##.##.........# #.
#.# #...#.###.##.####.......###.
#.############......[............
#......†.......##...............)
#################################
.........# ..w...gh.# ##@# #..##
#..8######## ##.......'.#
#.......#.# #..8######.# #..##
#.######## ##+# #.........
#######...


You could see a worm, Natasha and a goblin.

Vanquished Creatures
  2 orc priests (D:3)
  Jessica (D:3)
  4 adders
  An adder skeleton (D:3)
  A dart slug (D:2)
  2 orcs (D:3)
  5 bats
  5 giant cockroaches
  3 goblins
  8 hobgoblins
  A frilled lizard (D:1)
  2 kobolds
  5 rats
40 creatures vanquished.

Notes
Turn   | Place    | Note
-------+----------+-------------------------------------------
     0 | D:1      | tsouns the Vine Stalker Brigand began the quest for the
                  | Orb.
     0 | D:1      | Reached XP level 1. HP: 11/11 MP: 2/2
   894 | D:2      | Reached skill level 1 in Unarmed Combat
   894 | D:2      | Reached XP level 2. HP: 14/15 MP: 3/3
  1285 | D:2      | Reached XP level 3. HP: 19/19 MP: 4/4
  1359 | D:2      | Found a blossoming altar of Fedhas.
  1880 | D:3      | Gained mutation: Your natural rate of healing is unusually
                  | fast. [Vine Stalker growth]
  1880 | D:3      | Reached XP level 4. HP: 4/23 MP: 2/5
  2068 | D:3      | Found a hazy altar of Hepliaklqana.
  2073 | D:3      | Noticed Jessica
  2081 | D:3      | Killed Jessica
  2123 | D:3      | Reached XP level 5. HP: 28/28 MP: 6/6
  2227 | D:3      | Noticed Natasha
  2240 | D:3      | Slain by Natasha

Illustrated notes

Levels and vault maps discovered:
D:1:      giann_horns, layout_loops_ring
D:2:      layout_loops_cross, fedhas_altar_2
D:3:      minmay_chambers_of_twos, layout_basic, amcnicky_altar_gilded,
          uniq_jessica, uniq_grinder, uniq_natasha

Skill      XL: |  1  2  3  4 |
---------------+-------------+-----
Fighting       | 2 3 |  3.7
Unarmed Combat | 1 2 3 |  3.4
Short Blades   | |  1.7
Throwing       | |  1.7
Dodging        | |  0.7
Stealth        | |  4.8

Action                   |  1- 3 |  4- 6 || total
-------------------------+-------+-------++-------
Melee: Dagger            |    14 |       ||    14
       Short sword       |    59 |    72 ||   131
       Bite              |    14 |    15 ||    29
       Punch             |     1 |     1 ||     2
Throw: Dart              |    12 |       ||    12
  Use: Potion            |     6 |     1 ||     7
 Stab: Sleeping          |    12 |     2 ||    14
Armor: Robe              |    16 |    14 ||    30
       Skin              |     2 |       ||     2
Dodge: Dodged            |    33 |    16 ||    49
